 Dungeon Crawl Stone Soup version 0.28-a0-909-g796cbd3a86 (webtiles) character file.

Game seed: 8399249387389292252

67 horus123 the Chopper (level 4, -1/40 HPs)
             Began as a Hill Orc Monk on Nov 24, 2021.
             Frozen to death by an endoplasm (3 damage)
             ... on level 2 of the Dungeon.
             The game lasted 00:02:03 (1866 turns).

horus123 the Chopper (Hill Orc Monk)                Turns: 1866, Time: 00:02:03

Health: -1/40      AC:  2    Str: 13    XL:     4   Next: 16%
Magic:  4/4        EV: 12    Int: 10    God:
Gold:   32         SH:  0    Dex: 14    Spells: 3/3 levels left

rFire   + . .      SeeInvis .   a - +0 hand axe
rCold   . . .      Faith    .   (no shield)
rNeg    . . .      Spirit   .   b - +0 robe
rPois   .          Reflect  .   (no helmet)
rElec   .          Harm     .   (no cloak)
rCorr   .          Rampage  .   (no gloves)
Will    .....                   (no boots)
Stlth   ++........              (no amulet)
HPRegen 0.13/turn               c - ring of protection from fire
MPRegen 0.09/turn               (no ring)

@: no status effects
A: no striking features
a: no special abilities


You were on level 2 of the Dungeon.
You visited 1 branch of the dungeon, and saw 2 of its levels.

You collected 32 gold pieces.

Inventory:

Hand Weapons
 a - a +0 hand axe (weapon)
Armour
 b - a +0 robe (worn)
Jewellery
 c - a ring of protection from fire (left hand)
Wands
 i - a wand of acid (7)
Scrolls
 d - a scroll of magic mapping {unknown}
Potions
 e - a potion of degeneration {unknown}
 f - a potion of might {unknown}
 g - a potion of haste {unknown}
 h - 2 potions of brilliance {unknown}


   Skills:
 + Level 4.1 Fighting
 + Level 5.1 Axes
 + Level 2.8 Dodging
 + Level 2.3 Stealth


You had 3 spell levels left.
You didn't know any spells.
Your spell library was empty.

Dungeon Overview and Level Annotations

Branches:
Dungeon (2/15)

Altars:


Message History

You kill the goblin!
You closely miss the ball python. The ball python closely misses you.
The ball python grabs you. The ball python constricts you.
The ball python barely misses you. The ball python constricts you.
You hit the ball python.
The ball python is severely wounded.
The ball python bites you.
* * * LOW HITPOINT WARNING * * *
The ball python constricts you.
* * * LOW HITPOINT WARNING * * *
You barely miss the ball python.
The ball python is severely wounded.
The ball python barely misses you. The ball python constricts you.
* * * LOW HITPOINT WARNING * * *
You hit the ball python but do no damage.
The ball python is severely wounded.
The ball python bites you.
* * * LOW HITPOINT WARNING * * *
The ball python constricts you.
* * * LOW HITPOINT WARNING * * *
You hit the ball python.
You kill the ball python!
You hit the kobold but do no damage. The kobold completely misses you.
You hit the kobold.
The kobold is moderately wounded.
The kobold hits you with a +2 whip of electrocution.
* * * LOW HITPOINT WARNING * * *
You hit the kobold.
You kill the kobold!
The endoplasm barely misses you.
Items here: )) ††.
You hit the endoplasm.
The endoplasm is moderately wounded.
The endoplasm hits you.
* * * LOW HITPOINT WARNING * * *
You hit the endoplasm.
The endoplasm is heavily wounded.
The endoplasm freezes you.
You are frozen.
You die...

#.........####.#.†.....#
#.........# #.........# .#
#.........#####...#.#### .
##..............#...# .
##.........###..###..######.#
...........# #....#.#[#.#.#.#
##.........#<..##............
#.........#.######.#.#.#.#.#.#.
#..............@J........^.....
##......<.#.######.#.#.#.#.#.#.
#......#...# #...J)†.J.....
###.>....### ##.#.#.#.#.#.#
######.# #............ ...
##.#.#.#.#.#.# ##.
#...........<.. ##.#.#.#.#.#.#.
.## ..


You could see an endoplasm.

Vanquished Creatures
  A gnoll (D:1)
  2 dart slugs
  4 endoplasms
  3 giant cockroaches
  8 goblins
  3 hobgoblins
  5 kobolds
  4 quokkas
  5 ball pythons
  4 bats
  A frilled lizard (D:1)
  6 rats
46 creatures vanquished.

Notes
Turn   | Place    | Note
-------+----------+-------------------------------------------
     0 | D:1      | horus123 the Hill Orc Monk began the quest for the Orb.
     0 | D:1      | Reached XP level 1. HP: 19/19 MP: 1/1
   278 | D:1      | Reached XP level 2. HP: 22/27 MP: 2/2
   982 | D:1      | Reached XP level 3. HP: 32/33 MP: 3/3
  1835 | D:2      | Reached skill level 5 in Axes
  1835 | D:2      | Reached XP level 4. HP: 21/40 MP: 4/4
  1865 | D:2      | HP: 2/40 [endoplasm (2)]
  1866 | D:2      | Frozen to death by an endoplasm

Illustrated notes

Levels and vault maps discovered:
D:1:      matt_arrival_grand_opening, layout_basic, roderic_roman_lattice
D:2:      layout_rooms, serial_shops, nicolae_square_shop, st_stairs_11,
          kennysheep_generic_room_3

Skill      XL: |  1  2  3 |
---------------+----------+-----
Fighting       | 4 |  4.1
Stealth        | 2 |  2.3
Axes           | 5 |  5.1
Dodging        | |  2.8

Action                   |  1- 3 |  4- 6 || total
-------------------------+-------+-------++-------
Melee: Hand axe          |   125 |    22 ||   147
  Use: Scroll            |     3 |       ||     3
 Stab: Sleeping          |     9 |       ||     9
Armor: Robe              |    24 |     5 ||    29
Dodge: Dodged            |    71 |    16 ||    87

Table legend: (Time is in decaauts)
 A = Elapsed time spent in this place.
 B = Non-inter-level travel time spent in this place.
 C = Inter-level travel time spent in this place.
 D = Time resting spent in this place.
 E = Time spent auto-exploring this place.
 F = Levels seen in this place.
 G = Mean time per level.
                   A        B        C        D        E       F      G
               +--------+--------+--------+--------+--------+-----+--------+
         Total |   1876 |   1827 |     49 |      0 |   1476 |   2 |  938.0 |
       Dungeon |   1876 |   1827 |     49 |      0 |   1476 |   2 |  938.0 |
               +--------+--------+--------+--------+--------+-----+--------+

Top non-repeatable levels by time:
     D:1: 1623 daAuts
     D:2: 252 daAuts
